[Event "Titled Tuesday Blitz May 16 Late 2023"]
[White "Gatterer, Florian"]
[Black "Iliaguev, Nisim"]
[WhiteFideId "811688"]
[BlackFideId "2817276"]
[WhiteElo "2221"]
[BlackElo "2241"]
[Result "0-1"]
[Round "05"]
[TimeControl "180+2"]
[Date "2023.05.16"]
[WhiteClock "0:00:00"]
[BlackClock "0:00:14"]

1. Nf3 g6 2. e4 Bg7 3. d4 d6 4. Bd3 Nf6 5. O-O O-O 6. Re1 Bg4 7. Nbd2 Nbd7 8. h3 Bxf3 9. Nxf3 e5 10. c3 Re8 11. a4 c6 12. a5 a6 13. dxe5 dxe5 14. Bc4 Qc7 15. Ng5 Re7 16. b3 h6 17. Ba3 c5 18. Nf3 Rd8 19. Qc2 Qxa5 20. b4 Qc7 21. b5 a5 22. Bb2 b6 23. Bf1 Nh5 24. g3 Nhf6 25. Bc4 Nf8 26. Rad1 Red7 27. Rxd7 Rxd7 28. Nh4 Kh7 29. f4 exf4 30. e5 Nd5 31. Bxd5 Rxd5 32. gxf4 Qd7 33. e6 Nxe6 34. f5 Nf8 35. Qe4 Re5 36. Qb1 Rxe1+ 37. Qxe1 g5 38. f6 Bxf6 39. Qe4+ Ng6 40. Nxg6 fxg6 41. Qc6 Qd1+ 42. Kg2 Qd2+ 43. Kf3 Qf4+ 44. Kg2 Bg7 45. Qf3 Qxf3+ 46. Kxf3 h5 47. Ke4 Bf6 48. Bc1 g4 49. hxg4 hxg4 50. c4 a4 51. Kf4 Kg7 52. Kxg4 Kf7 53. Kf4 Ke6 54. Ke4 g5 55. Ba3 Be5 56. Bc1 g4 57. Ba3 g3 58. Kf3 Kf5 59. Bc1 Ke6 60. Ba3 Bd6 61. Bc1 Bc7 62. Ba3 Ke5 63. Bb2+ Kf5 64. Bc1 g2 65. Kxg2 Ke4 66. Kf2 Kd3 67. Kf3 Kxc4 68. Ke4 Kxb5 69. Kd5 Bg3 70. Ke4 Kb4 71. Kd3 Kb3 72. Bg5 c4+ 73. Ke4 a3 74. Kd5 a2 75. Kc6 a1=Q 76. Kb7 Qg7+ 77. Ka8 Qxg5 0-1


[Site "https://www.chess.com"]

[Event "Titled Tuesday Blitz May 16 Late 2023"]
[White "Mickiewicz, Piotr"]
[Black "TimGrutter03"]
[WhiteFideId "1114891"]
[WhiteElo "2246"]
[BlackElo "2632"]
[Result "0-1"]
[Round "05"]
[TimeControl "180+2"]
[Date "2023.05.16"]
[WhiteClock "0:00:00"]
[BlackClock "0:00:06"]

1. c4 g6 2. g3 Bg7 3. Bg2 d6 4. Nc3 Nc6 5. e3 e5 6. Nge2 f5 7. d4 e4 8. f3 exf3 9. Bxf3 Nf6 10. O-O O-O 11. Qd3 Nb4 12. Qb1 Qe8 13. Bd2 c6 14. Nb5 cxb5 15. Bxb4 Qxe3+ 16. Kg2 bxc4 17. Bxd6 Re8 18. Be5 Bd7 19. Qc1 Qxc1 20. Raxc1 Rac8 21. Bxb7 Bc6+ 22. Bxc6 Rxc6 23. Rc2 Nd5 24. Bf4 Re4 25. Rfc1 Rce6 26. Kf2 Nb4 27. d5 Re8 28. Nc3 Bxc3 29. Rxc3 Nd3+ 30. Kf3 Nxc1 31. Rxc1 Rd4 32. d6 Rd3+ 33. Kf2 Rb8 34. Rc2 Re8 35. Rxc4 Re4 36. Rc7 g5 37. d7 Red4 38. d8=Q+ Rxd8 39. Bxg5 R8d7 40. Rc8+ Kf7 41. Bf4 Kg6 42. Rg8+ Kf7 43. Rh8 Kg7 44. Rg8+ Kxg8 45. Ke2 Kf7 46. h4 R3d5 47. b3 Re7+ 48. Kf3 Re4 49. Kg2 Rxf4 50. gxf4 Rd2+ 0-1


[Site "https://www.chess.com"]

[Event "Titled Tuesday Blitz May 16 Late 2023"]
[White "Silvestre, Christian"]
[Black "Tisaj, Domen"]
[WhiteFideId "30956269"]
[BlackFideId "14628708"]
[WhiteElo "2342"]
[BlackElo "2340"]
[Result "0-1"]
[Round "05"]
[TimeControl "180+2"]
[Date "2023.05.16"]
[WhiteClock "0:00:33"]
[BlackClock "0:00:31"]

1. e3 e5 2. d4 exd4 3. exd4 d5 4. Bd3 Nf6 5. Ne2 h6 6. O-O Bd6 7. Bf4 O-O 8. Nbc3 c6 9. Qd2 Bxf4 10. Qxf4 Re8 11. Rae1 Nbd7 12. Ng3 Nf8 13. Re5 Ne6 14. Qh4 Nd7 15. Rh5 Nf6 16. Re5 Nd7 17. Rh5 Qxh4 18. Rxh4 Nf6 19. Nf5 Ng5 20. Ng3 Bd7 21. Nd1 Re7 22. Bf5 Bxf5 23. Nxf5 Re2 24. Nde3 Re8 25. Rd1 Nfe4 26. Ng3 Nxf2 27. Nxe2 Nxd1 28. Nxd1 Rxe2 0-1


[Site "https://www.chess.com"]

[Event "Titled Tuesday Blitz May 16 Late 2023"]
[White "Lazavik, Denis"]
[Black "Ozates, Tuna"]
[WhiteFideId "13515110"]
[BlackFideId "6354521"]
[WhiteElo "2560"]
[BlackElo "2151"]
[Result "1-0"]
[Round "05"]
[TimeControl "180+2"]
[Date "2023.05.16"]
[WhiteClock "0:01:44"]
[BlackClock "0:01:00"]

1. d4 d5 2. c4 c6 3. Nf3 e6 4. Qc2 f5 5. Nc3 Nf6 6. Bf4 Be7 7. e3 O-O 8. Bd3 Qe8 9. h3 Ne4 10. g4 Na6 11. a3 Qd8 12. gxf5 exf5 13. cxd5 Nxc3 14. bxc3 Qxd5 15. Ke2 Be6 16. c4 Qd8 17. Rhg1 Bf6 18. Bxf5 Bxf5 19. Qxf5 c5 20. Ng5 Bxg5 21. Qe6+ Kh8 22. Bxg5 Qa5 23. Bh6 Rg8 24. Rxg7 Rxg7 25. Qf6 Qc7 26. Rg1 1-0


[Site "https://www.chess.com"]

[Event "Titled Tuesday Blitz May 16 Late 2023"]
[White "De La Colina, Nicolas"]
[Black "Sai Han Thiha"]
[WhiteFideId "30946921"]
[BlackFideId "13012290"]
[WhiteElo "2046"]
[BlackElo "1954"]
[Result "1-0"]
[Round "05"]
[TimeControl "180+2"]
[Date "2023.05.16"]
[WhiteClock "0:00:05"]
[BlackClock "0:00:01"]

1. Nf3 Nf6 2. g3 g6 3. b3 Bg7 4. Bb2 b6 5. Bg2 Bb7 6. O-O O-O 7. d3 d5 8. c4 c5 9. cxd5 Qxd5 10. Nc3 Qd6 11. d4 cxd4 12. Nb5 Qd7 13. Ne5 Qxb5 14. Bxb7 Qxe5 15. Bxa8 Nd5 16. Rc1 Nd7 17. Bxd5 Qxd5 18. e3 e5 19. exd4 exd4 20. f4 Rd8 21. Qf3 Qa5 22. Rfd1 Nf8 23. a3 Ne6 24. b4 Qb5 25. Qd3 Qd5 26. Rd2 h5 27. Rf1 Bh6 28. Qf3 Qa2 29. Rfd1 Qc4 30. Kg2 h4 31. Qd3 Qd5+ 32. Qf3 h3+ 33. Kf2 Qf5 34. Bxd4 Nxd4 35. Rxd4 Qc2+ 36. Qe2 Qxe2+ 37. Kxe2 Re8+ 38. Kf3 Bf8 39. Rd8 a5 40. Rxe8 1-0


[Site "https://www.chess.com"]

[Event "Titled Tuesday Blitz May 16 Late 2023"]
[White "Sliwicki, Damian"]
[Black "Kuznetsov, Felix"]
[WhiteFideId "1127128"]
[BlackFideId "34147990"]
[WhiteElo "2030"]
[BlackElo "2281"]
[Result "0-1"]
[Round "05"]
[TimeControl "180+2"]
[Date "2023.05.16"]
[WhiteClock "0:00:16"]
[BlackClock "0:00:54"]

1. e4 c5 2. Nf3 Nc6 3. d4 cxd4 4. Nxd4 Nf6 5. Nc3 d6 6. g3 g6 7. Bg2 Bd7 8. O-O Bg7 9. Bg5 O-O 10. Qd2 Rc8 11. Nxc6 Bxc6 12. Rad1 Qb6 13. b3 Qc5 14. b4 Qxb4 15. Bxf6 Bxf6 16. Nd5 Qxd2 17. Nxf6+ Kg7 18. Rxd2 Kxf6 19. f4 Kg7 20. Bh3 Rc7 21. e5 dxe5 22. fxe5 e6 23. Rdf2 Bd5 24. a3 Rd8 25. Bg4 Rdd7 26. Be2 Rxc2 27. Bb5 Rxf2 28. Rxf2 Rc7 29. a4 Rc1+ 30. Bf1 Bc4 0-1


[Site "https://www.chess.com"]

[Event "Titled Tuesday Blitz May 16 Late 2023"]
[White "Wagner, Dennis"]
[Black "Blitz"]
[WhiteFideId "24650684"]
[WhiteElo "2478"]
[BlackElo "2512"]
[Result "1-0"]
[Round "05"]
[TimeControl "180+2"]
[Date "2023.05.16"]
[WhiteClock "0:00:08"]
[BlackClock "0:00:00"]

1. e4 c5 2. Nf3 d6 3. d4 cxd4 4. Nxd4 Nf6 5. Nc3 a6 6. f3 e5 7. Nb3 Be6 8. Be3 h5 9. Qd2 Nbd7 10. O-O-O b5 11. Kb1 Rc8 12. Qf2 Be7 13. h3 h4 14. Rg1 Qc7 15. a3 Rb8 16. Nd5 Bxd5 17. exd5 Nb6 18. Bxb6 Qxb6 19. Qxb6 Rxb6 20. Na5 Kd7 21. b4 Rc8 22. c4 bxc4 23. Bxc4 Nh5 24. Bb3 Ng3 25. Ba4+ Kc7 26. Rc1+ Kb8 27. Nc6+ Rcxc6 28. Rxc6 Rxc6 29. dxc6 Kc7 30. Rc1 Ne2 31. Rc4 d5 32. Rc2 Nf4 33. Bb3 d4 34. Bxf7 Bg5 35. a4 d3 36. Rc4 d2 37. Kc2 Nd5 38. Re4 Ne3+ 39. Rxe3 Bxe3 40. b5 axb5 41. axb5 Bf4 42. Bb3 Bg5 43. Kd3 Bf4 44. Ke4 Kb6 45. Bd1 g5 46. Kd5 e4 47. fxe4 Kxb5 48. e5 Kb6 49. e6 1-0


[Site "https://www.chess.com"]

[Event "Titled Tuesday Blitz May 16 Late 2023"]
[White "Bitoon, Richard"]
[Black "Hajiyev, Kanan"]
[WhiteFideId "5201110"]
[BlackFideId "13404148"]
[WhiteElo "2374"]
[BlackElo "2103"]
[Result "1-0"]
[Round "05"]
[TimeControl "180+2"]
[Date "2023.05.16"]
[WhiteClock "0:00:38"]
[BlackClock "0:00:07"]

1. e4 c6 2. d4 d5 3. Nc3 a6 4. g3 dxe4 5. Nxe4 Bf5 6. Bg2 e6 7. Ne2 Nf6 8. Ng5 h6 9. Nf3 Bd6 10. O-O O-O 11. c3 Nbd7 12. a4 a5 13. Re1 Qc7 14. Nf4 Nd5 15. Nd3 c5 16. dxc5 Nxc5 17. Nxc5 Bxc5 18. Qb3 Ra6 19. Ne5 Rb6 20. Qa2 Rd6 21. Nc4 Rd7 22. Qb3 f6 23. Ne3 Nxe3 24. Bxe3 Kh8 25. h3 e5 26. Qb5 Bxe3 27. Rxe3 Rd2 28. b4 axb4 29. cxb4 Qc2 30. Qc5 Rc8 31. Qxc2 Rcxc2 32. Rf1 Bd3 33. Rxd3 Rxd3 34. Be4 Rdc3 35. Bxc2 Rxc2 36. Rd1 Rb2 37. b5 Rb4 38. Rd8+ Kh7 39. Ra8 b6 40. Kf1 Rb2 41. Kg2 e4 42. Re8 f5 43. g4 fxg4 44. hxg4 Rb4 45. Re6 Rxa4 46. Rxb6 Rb4 47. Kg3 Rb3+ 48. Kf4 Rf3+ 49. Kxe4 Rxf2 50. Rd6 Rg2 51. Kf4 g5+ 52. Kf5 Rf2+ 53. Ke5 Rf4 54. Rd4 Rf1 55. Kd6 Rb1 56. Kc6 h5 57. gxh5 Kh6 58. b6 Kxh5 59. b7 Rxb7 60. Kxb7 g4 61. Rd8 g3 62. Rg8 Kh4 63. Kc6 Kh3 64. Kd5 g2 65. Ke4 Kh2 66. Kf3 g1=Q 67. Rh8# 1-0


[Site "https://www.chess.com"]

[Event "Titled Tuesday Blitz May 16 Late 2023"]
[White "Bilan, Danila"]
[Black "Amburgy, Ryan"]
[WhiteFideId "24161918"]
[BlackFideId "30924820"]
[WhiteElo "2182"]
[BlackElo "2134"]
[Result "0-1"]
[Round "05"]
[TimeControl "180+2"]
[Date "2023.05.16"]
[WhiteClock "0:00:01"]
[BlackClock "0:00:15"]

1. d4 Nf6 2. Nf3 d5 3. c4 e6 4. cxd5 exd5 5. Nc3 Bb4 6. Bg5 h6 7. Bf4 O-O 8. e3 Bf5 9. Bd3 Bxd3 10. Qxd3 c6 11. a3 Bd6 12. Bg3 Re8 13. Ne5 Qe7 14. O-O Nh5 15. Nf3 Nxg3 16. hxg3 a5 17. Rfc1 Nd7 18. Na4 Rec8 19. Qc2 b5 20. Nc5 Nb6 21. a4 bxa4 22. Nxa4 Nxa4 23. Qxa4 Qb7 24. Rc2 f6 25. Rac1 Ra6 26. Ne1 Qb4 27. Qa2 a4 28. Nd3 Qb3 29. Qxb3 axb3 30. Rc3 Rb6 31. Kf1 Kf7 32. Ke2 Ke7 33. Kd2 Kd7 34. Nc5+ Bxc5 35. Rxc5 Ra8 36. Kc3 Ra4 37. Rh1 Kd6 38. Rh4 Rb7 39. Rg4 g5 40. e4 h5 41. e5+ Kd7 42. exf6 hxg4 43. f7 Ra8 0-1


[Site "https://www.chess.com"]

[Event "Titled Tuesday Blitz May 16 Late 2023"]
[White "benny_aizenberg"]
[Black "Seletsky, Grigory"]
[BlackFideId "14112191"]
[WhiteElo "2668"]
[BlackElo "2491"]
[Result "1-0"]
[Round "05"]
[TimeControl "180+2"]
[Date "2023.05.16"]
[WhiteClock "0:01:00"]
[BlackClock "0:00:40"]

1. f4 d5 2. Nf3 g6 3. g3 Bg7 4. Bg2 c6 5. O-O Qb6+ 6. Kh1 Nh6 7. c3 O-O 8. d3 f5 9. Qe1 Nd7 10. e4 e6 11. Ng5 Nf6 12. e5 Ne8 13. Qe2 Nf7 14. Be3 Qc7 15. Bc5 Nxg5 16. Bxf8 Kxf8 17. fxg5 Qxe5 18. Qxe5 Bxe5 19. d4 Bg7 20. g4 Nd6 21. Nd2 Ke7 22. gxf5 exf5 23. Rae1+ Ne4 24. Nxe4 dxe4 25. Bxe4 fxe4 26. Rxe4+ Kd6 27. Re8 Bh3 28. Rxa8 Bxf1 29. Rg8 Bxd4 30. cxd4 Bc4 31. Rg7 b5 32. b3 Bd5+ 33. Kg1 a5 34. Rxh7 a4 35. bxa4 bxa4 36. a3 Be4 37. Kf2 Kd5 38. Ke3 Bc2 39. Rc7 Bf5 40. h4 Kd6 41. Rf7 Ke6 42. Rf6+ Kd5 43. h5 1-0


[Site "https://www.chess.com"]

[Event "Titled Tuesday Blitz May 16 Late 2023"]
[White "Karas, Marek"]
[Black "Seemann, Jakub"]
[WhiteFideId "14928558"]
[BlackFideId "21874697"]
[WhiteElo "2233"]
[BlackElo "2364"]
[Result "1-0"]
[Round "05"]
[TimeControl "180+2"]
[Date "2023.05.16"]
[WhiteClock "0:00:05"]
[BlackClock "0:00:04"]

1. d4 Nf6 2. Bf4 e6 3. Nf3 c5 4. e3 Qb6 5. Qc1 Nc6 6. c3 Be7 7. Nbd2 d5 8. Bd3 O-O 9. O-O Qd8 10. h3 b6 11. Ne5 Bb7 12. Qd1 Nxe5 13. Bxe5 Nd7 14. Bg3 Rc8 15. a4 a6 16. f4 Nf6 17. Bh4 Ne4 18. Bxe7 Qxe7 19. Nxe4 dxe4 20. Be2 Rfd8 21. Qd2 e5 22. fxe5 cxd4 23. exd4 Qxe5 24. Qf4 Qxf4 25. Rxf4 Rc7 26. a5 b5 27. Kf2 e3+ 28. Kxe3 Bxg2 29. h4 Re7+ 30. Kd2 Rde8 31. Bd3 Bd5 32. Rg1 Bc4 33. Bxc4 bxc4 34. Rg2 Rb7 35. Kc2 Rb5 36. Rfg4 g6 37. Rg5 Reb8 38. Rxb5 Rxb5 39. Rd2 Rxa5 40. d5 Kf8 41. d6 Ke8 42. Re2+ Kd7 43. Re7+ Kxd6 44. Rxf7 Rh5 45. Rf4 Kd5 46. Rd4+ Kc5 47. Kb1 Kb5 48. Kc2 Kc5 49. Kb1 Rd5 50. Rf4 Rf5 51. Re4 Kd5 52. Rd4+ Kc5 53. Kc2 Rf2+ 54. Kb1 Rh2 55. Ka2 Rh1 56. Re4 Kd5 57. Rd4+ Kc5 58. Re4 a5 59. Re5+ Kd6 60. Re4 Kd5 61. Rd4+ Kc5 62. Re4 h6 63. Re5+ Kd6 64. Re4 Kd5 65. Rd4+ Kc5 66. Rg4 Kd5 67. Rd4+ Kc5 68. Rg4 Kb5 69. Rd4 g5 70. hxg5 h5 71. Rd5+ Kb6 72. g6 Rg1 73. Rxh5 Rxg6 74. Rh4 Kb5 75. Rh5+ Ka4 76. Rc5 Rg4 77. Rc6 Rh4 78. Rb6 Rg4 79. Rc6 Kb5 80. Rc8 Rg2 81. Rb8+ Ka4 82. Rc8 Kb5 83. Rc7 Rg4 84. Rd7 Kc6 85. Rd8 Kb5 86. Rc8 Rh4 87. Rc7 Rh1 88. Rd7 Kc6 89. Rd4 Kc5 90. Rg4 Kd5 91. Rg5+ Ke4 92. Rxa5 Kd3 93. Rd5+ Kc2 94. Rg5 Rh2 95. Ka3 Kd3 96. Rd5+ Kc2 97. Rd4 Kb1 98. Rxc4 Rxb2 99. Rb4 Ka1 100. c4 Ra2+ 101. Kb3 Rh2 102. Ka4 Ka2 103. Kb5 Ka3 104. c5 Rh5 105. Rd4 Rh2 106. Rd3+ Kb2 107. Kc6 Rc2 108. Rd4 Rc3 109. Kd6 Kb3 110. c6 Rh3 111. Rd5 Rh6+ 112. Kc5 Kc3 113. c7 Rh8 114. Kc6 Kc4 115. Rd6 Rh5 116. Kd7 Rc5 117. c8=Q Rxc8 118. Kxc8 1-0


[Site "https://www.chess.com"]

[Event "Titled Tuesday Blitz May 16 Late 2023"]
[White "Rosen, Eric"]
[Black "ArtemDyachuk"]
[WhiteFideId "2032562"]
[WhiteElo "2331"]
[BlackElo "2499"]
[Result "0-1"]
[Round "05"]
[TimeControl "180+2"]
[Date "2023.05.16"]
[WhiteClock "0:00:01"]
[BlackClock "0:01:26"]

1. d4 Nf6 2. Bf4 e6 3. e3 c5 4. Nf3 b6 5. Nc3 Bb7 6. Nb5 Na6 7. Nd6+ Bxd6 8. Bxd6 Ne4 9. Bf4 O-O 10. c3 d5 11. Bd3 Nc7 12. Qe2 a5 13. Rd1 a4 14. O-O a3 15. Rb1 c4 16. Bxe4 dxe4 17. Nd2 Nd5 18. Nxc4 Ba6 19. Be5 Rc8 20. Qg4 g6 21. Nd6 Bxf1 22. Kxf1 axb2 23. Rxb2 Rxc3 24. Qh3 Rc1+ 25. Ke2 Qa8 26. f3 Qa3 27. Rd2 Qxe3# 0-1


[Site "https://www.chess.com"]

[Event "Titled Tuesday Blitz May 16 Late 2023"]
[White "Molenda, Marcin"]
[Black "Vlassov, Nikolai"]
[WhiteFideId "1173065"]
[BlackFideId "4103360"]
[WhiteElo "2286"]
[BlackElo "2324"]
[Result "0-1"]
[Round "05"]
[TimeControl "180+2"]
[Date "2023.05.16"]
[WhiteClock "0:02:05"]
[BlackClock "0:02:43"]

1. e4 Nc6 2. d4 d5 3. exd5 Qxd5 4. Nf3 Bg4 5. Be2 O-O-O 6. c4 Qh5 7. d5 e6 8. Nc3 Nf6 9. O-O exd5 10. h3 dxc4 11. hxg4 Nxg4 12. Qc2 Nd4 13. Nxd4 Qh2# 0-1


[Site "https://www.chess.com"]

[Event "Titled Tuesday Blitz May 16 Late 2023"]
[White "Martic, Ivan"]
[Black "Korchmar, Vasiliy"]
[WhiteFideId "929301"]
[BlackFideId "24131750"]
[WhiteElo "2360"]
[BlackElo "2370"]
[Result "1-0"]
[Round "05"]
[TimeControl "180+2"]
[Date "2023.05.16"]
[WhiteClock "0:02:14"]
[BlackClock "0:01:25"]

1. e4 c5 2. Nf3 d6 3. c3 Nf6 4. h3 Nc6 5. Bd3 d5 6. exd5 Qxd5 7. Qe2 Qh5 8. Bb5 Bd7 9. d4 cxd4 10. cxd4 e6 11. Nc3 Bd6 12. O-O O-O 13. Bg5 Nxd4 14. Nxd4 Qxg5 15. Bxd7 Nxd7 16. Nxe6 Qe7 17. Nxf8 Qxf8 18. Rad1 Nf6 19. Ne4 Be5 20. Nxf6+ Bxf6 21. Rd7 Re8 22. Qc4 Bxb2 23. Rxb7 a5 24. Rxb2 1-0


[Site "https://www.chess.com"]

[Event "Titled Tuesday Blitz May 16 Late 2023"]
[White "Fishbein, Alexander"]
[Black "Geivondian, Arman"]
[WhiteFideId "2000377"]
[BlackFideId "24102032"]
[WhiteElo "2415"]
[BlackElo "2278"]
[Result "1-0"]
[Round "05"]
[TimeControl "180+2"]
[Date "2023.05.16"]
[WhiteClock "0:01:53"]
[BlackClock "0:02:32"]

1. e4 c6 2. d3 d5 3. Nd2 Qc7 4. Ngf3 e5 5. g3 Nf6 6. Bg2 Bd6 7. O-O O-O 8. Re1 Nbd7 9. b3 Re8 10. Bb2 Nf8 11. exd5 cxd5 12. c4 d4 13. c5 Qxc5 14. Nc4 b5 15. b4 Qc7 16. Nxd6 Qxd6 17. Nxe5 Rb8 18. Nc6 Rxe1+ 19. Qxe1 Rb6 20. Ne7+ Kh8 21. Nxc8 1-0


[Site "https://www.chess.com"]

[Event "Titled Tuesday Blitz May 16 Late 2023"]
[White "Piesik, Piotr"]
[Black "Ognean, Mihnea-Ionut"]
[WhiteFideId "1136194"]
[BlackFideId "1232347"]
[WhiteElo "2299"]
[BlackElo "2215"]
[Result "0-1"]
[Round "05"]
[TimeControl "180+2"]
[Date "2023.05.16"]
[WhiteClock "0:00:13"]
[BlackClock "0:00:19"]

1. Nf3 Nf6 2. g3 d5 3. Bg2 e6 4. O-O Be7 5. d3 c5 6. Nbd2 Nc6 7. e4 Qc7 8. Re1 O-O 9. c3 b5 10. e5 Nd7 11. Qe2 a5 12. Nf1 Ba6 13. Bf4 Rfc8 14. h4 h6 15. g4 Nf8 16. Ng3 Ng6 17. Qd2 Nxh4 18. Nxh4 Bxh4 19. Nh5 Qd8 20. Re3 Bg5 21. Bxg5 Qxg5 22. Qe2 b4 23. f4 Qd8 24. c4 Nd4 25. Qf2 dxc4 26. Bxa8 Rxa8 27. dxc4 Bxc4 28. Kh2 Ba6 29. Rd1 Rc8 30. Kh3 Bb7 31. f5 exf5 32. gxf5 Qg5 33. Ng3 h5 34. Rxd4 cxd4 35. Rd3 Qg4+ 36. Kh2 h4 37. Nf1 Rc1 38. e6 fxe6 39. fxe6 Qxe6 40. Rxd4 Qe5+ 41. Qf4 Qxf4+ 42. Rxf4 Rc2+ 43. Kh3 Bg2+ 44. Kxh4 Bxf1 45. Rxf1 Rxb2 46. Rf5 Rxa2 47. Rb5 Ra3 48. Kg5 Kf7 49. Kf5 Ke7 50. Ke5 Kd7 51. Rb7+ Kc6 52. Rxg7 b3 53. Rg3 a4 54. Kd4 Ra2 55. Kc3 b2 56. Kc2 a3 57. Rg6+ Kd5 58. Rg5+ Ke6 59. Rb5 Ra1 60. Rb6+ Kd5 61. Rb8 Rc1+ 0-1


[Site "https://www.chess.com"]

[Event "Titled Tuesday Blitz May 16 Late 2023"]
[White "Camilla_Lee"]
[Black "Ladan, Nicholas"]
[BlackFideId "30918855"]
[WhiteElo "2622"]
[BlackElo "2167"]
[Result "1-0"]
[Round "05"]
[TimeControl "180+2"]
[Date "2023.05.16"]
[WhiteClock "0:00:19"]
[BlackClock "0:00:07"]

1. e4 e5 2. Nf3 Nc6 3. Nc3 Nf6 4. d4 exd4 5. Nd5 d6 6. Nxd4 Be7 7. Nb5 Nxd5 8. exd5 Ne5 9. Be2 a6 10. Nd4 O-O 11. O-O Bf6 12. Be3 Re8 13. c3 g6 14. h3 b5 15. a4 Bd7 16. axb5 axb5 17. Nxb5 Rxa1 18. Qxa1 Qb8 19. Qa5 c6 20. Ba7 Qa8 21. Nxd6 Bd8 22. Bb6 Qxa5 23. Bxa5 Bxa5 24. Nxe8 Bxe8 25. dxc6 Bxc6 26. b4 Bb6 27. c4 Be4 28. c5 Bc7 29. Ra1 Bd3 30. Kf1 Bxe2+ 31. Kxe2 Nc6 32. Ra8+ Kg7 33. Rc8 Nxb4 34. Rxc7 Nd5 35. Rb7 Kf6 36. c6 Ke6 37. c7 Kd7 38. c8=Q+ Kxc8 39. Rxf7 h5 40. Kf3 Kd8 41. Rg7 Ne7 42. Kf4 Ke8 43. Kg5 Nf5 44. Rxg6 Ne7 45. Kxh5 Nxg6 46. Kxg6 Kf8 47. f4 Kg8 48. f5 Kf8 49. f6 Kg8 50. f7+ Kh8 51. f8=Q# 1-0


[Site "https://www.chess.com"]

[Event "Titled Tuesday Blitz May 16 Late 2023"]
[White "Liu, Eric"]
[Black "Eugene, Floryan"]
[WhiteFideId "30960240"]
[BlackFideId "20694784"]
[WhiteElo "2094"]
[BlackElo "2369"]
[Result "0-1"]
[Round "05"]
[TimeControl "180+2"]
[Date "2023.05.16"]
[WhiteClock "0:00:00"]
[BlackClock "0:00:27"]

1. b3 e5 2. Bb2 d6 3. e3 Nd7 4. h4 g5 5. h5 f5 6. d3 Qf6 7. e4 f4 8. Be2 Ne7 9. Bg4 Nb6 10. d4 Nc6 11. d5 Bxg4 12. Qxg4 Nd4 13. Bxd4 exd4 14. Nf3 Be7 15. Nbd2 Nd7 16. O-O Ne5 17. Nxe5 dxe5 18. Nf3 Kf7 19. Rac1 c5 20. c4 h6 21. Nh2 Rhd8 22. Qe2 Kg7 23. Ng4 Qd6 24. f3 a5 25. a4 Ra6 26. Kf2 Rb6 27. Qd3 Rb4 28. Rb1 Ra8 29. Ke2 Ra6 30. Rfe1 Rab6 31. Red1 Bf6 32. Rh1 Kh7 33. Rhc1 Bg7 34. Rh1 Qd7 35. Rhd1 Qc7 36. Re1 Rd6 37. Kd2 Qd8 38. Kc2 Qe8 39. Rf1 Qxh5 40. Rh1 Qe8 41. Rh3 Rdb6 42. Rbh1 Rxa4 43. Nf6+ Rxf6 44. bxa4 Rb6 45. Ra1 Rb4 46. Rhh1 Qd8 47. Rhb1 Bf8 48. Rxb4 cxb4 49. Kb3 Bc5 50. Rh1 Kg6 51. Qf1 h5 52. Qg1 h4 53. Qh2 Qd7 54. Qh3 Qxh3 55. Rxh3 d3 56. Rh1 Kh5 57. Rh3 g4 58. Rh1 gxf3 59. gxf3 b6 60. Rh3 Kg5 61. Rh2 Be7 62. Kb2 Bc5 63. Kc1 Be3+ 64. Kb2 d2 65. Kc2 b3+ 66. Kd1 b2 0-1


[Site "https://www.chess.com"]

[Event "Titled Tuesday Blitz May 16 Late 2023"]
[White "ElDivis"]
[Black "Koellner, Ruben Gideon"]
[BlackFideId "12993093"]
[WhiteElo "2477"]
[BlackElo "2314"]
[Result "1-0"]
[Round "05"]
[TimeControl "180+2"]
[Date "2023.05.16"]
[WhiteClock "0:00:13"]
[BlackClock "0:00:00"]

1. e4 d6 2. d4 Nf6 3. Bd3 e5 4. c3 Nbd7 5. f4 c5 6. dxe5 dxe5 7. f5 c4 8. Bc2 b5 9. Be3 Bb7 10. Qc1 Nxe4 11. Nf3 Bc5 12. O-O Qb6 13. Re1 f6 14. Na3 Bxe3+ 15. Qxe3 Qxe3+ 16. Rxe3 Nd6 17. Rd1 Ke7 18. Nd4 a6 19. Ne6 Rhg8 20. b3 Rac8 21. bxc4 Nxc4 22. Nxc4 Rxc4 23. Bb3 Rg4 24. Rxd7+ Kxd7 25. Nc5+ Kc6 26. Nxb7 Rb8 27. Bd1 Rf4 28. Na5+ Kb6 29. Nb3 Rxf5 30. Rd3 Kc7 31. Nc5 Rb6 32. Bg4 Rf4 33. Ne6+ Rxe6 34. Bxe6 e4 35. Rd4 f5 36. Bb3 g6 37. Bd1 Rh4 38. Be2 g5 39. Rd5 f4 40. Rxg5 Kd6 41. a4 bxa4 42. Ra5 f3 43. gxf3 exf3 44. Bxf3 Rc4 45. Rxa6+ Ke5 46. Be2 Rxc3 47. Rxa4 Rc7 48. Bf1 Kf5 49. Ra5+ Kg6 50. Ra3 Kg7 51. Rg3+ Kh8 52. Rf3 Rg7+ 53. Bg2 Re7 54. h3 Kg7 55. Kh2 Re5 56. Rf4 Rg5 57. Be4 Re5 58. Rh4 h6 59. Rg4+ Kh8 60. h4 Re6 61. Kg3 Rf6 62. h5 Rf7 63. Rg6 Kh7 64. Kg4 Rg7 65. Bf5 Rg8 66. Kf4 Rg7 67. Ke5 Rg8 68. Kf6 Rf8+ 69. Ke6 Rg8 70. Kf7 1-0


[Site "https://www.chess.com"]

[Event "Titled Tuesday Blitz May 16 Late 2023"]
[White "krucki03"]
[Black "Novik, Maxim"]
[BlackFideId "4102924"]
[WhiteElo "2472"]
[BlackElo "2287"]
[Result "0-1"]
[Round "05"]
[TimeControl "180+2"]
[Date "2023.05.16"]
[WhiteClock "0:00:07"]
[BlackClock "0:01:29"]

1. e4 c6 2. d4 d5 3. f3 e6 4. Nc3 Qb6 5. Qd3 Nf6 6. Bf4 Qxb2 7. Rb1 Qa3 8. Nge2 Be7 9. e5 Nfd7 10. Kf2 a6 11. Bd2 Qa5 12. g4 Qc7 13. f4 c5 14. Be3 Nc6 15. h4 b6 16. h5 Bb7 17. Bg2 Rc8 18. Na4 cxd4 19. Bxd4 Nxd4 20. Nxd4 Nc5 21. Nxc5 bxc5 22. Nf3 O-O 23. g5 d4 24. g6 fxg6 25. hxg6 h6 26. Bh3 Bd5 27. Kg3 Rxf4 28. Kxf4 Rf8+ 29. Kg3 Rxf3+ 30. Qxf3 Qxe5+ 31. Qf4 Bh4+ 32. Kg4 h5+ 33. Kxh4 Qxf4+ 34. Kxh5 Bf3+ 35. Bg4 Qxg4# 0-1


[Site "https://www.chess.com"]

[Event "Titled Tuesday Blitz May 16 Late 2023"]
[White "chess123456s"]
[Black "Lucas, Arthur"]
[BlackFideId "26093073"]
[WhiteElo "2607"]
[BlackElo "2251"]
[Result "1-0"]
[Round "05"]
[TimeControl "180+2"]
[Date "2023.05.16"]
[WhiteClock "0:00:46"]
[BlackClock "0:00:07"]

1. e4 e5 2. Nf3 Nf6 3. d4 Nxe4 4. Bd3 d5 5. Nxe5 Bd6 6. O-O O-O 7. c4 c6 8. Nc3 Nxc3 9. bxc3 dxc4 10. Bxc4 Nd7 11. f4 Nxe5 12. fxe5 Be7 13. Qh5 Be6 14. Bd3 g6 15. Qf3 f5 16. Bh6 Rf7 17. Rab1 b6 18. a4 Rc8 19. Kh1 Bg5 20. Bxg5 Qxg5 21. c4 Rd7 22. Qf2 Rcd8 23. d5 cxd5 24. c5 bxc5 25. Qxc5 Qe7 26. Qa5 Rc7 27. Qa6 Kg7 28. Rbc1 Rdc8 29. Rcd1 Rc5 30. Be2 R8c6 31. Qd3 Rc3 32. Qb5 Qc5 33. Qb7+ Rc7 34. Qb8 Qe3 35. Bf3 Rc1 36. Qd8 Rd7 37. Qf6+ Kh6 38. Rxc1 1-0


[Site "https://www.chess.com"]

[Event "Titled Tuesday Blitz May 16 Late 2023"]
[White "cryptoguru02"]
[Black "Koutlas, Nikolaos"]
[BlackFideId "25827138"]
[WhiteElo "2607"]
[BlackElo "2215"]
[Result "1-0"]
[Round "05"]
[TimeControl "180+2"]
[Date "2023.05.16"]
[WhiteClock "0:00:30"]
[BlackClock "0:00:00"]

1. d4 d5 2. c4 e6 3. Nc3 Ne7 4. Nf3 f5 5. Bf4 c6 6. e3 h6 7. Ne5 g6 8. h4 Bg7 9. Bd3 Nd7 10. Nxd7 Bxd7 11. g4 fxg4 12. h5 g5 13. Bd6 O-O 14. Qxg4 e5 15. Qg3 e4 16. Bxe7 Qxe7 17. Be2 Be6 18. O-O-O a5 19. Kb1 a4 20. a3 b5 21. cxb5 c5 22. b6 cxd4 23. exd4 Rfb8 24. Qc7 Qf6 25. b7 Rxb7 26. Qxb7 Qf8 27. Qc6 Rb8 28. Qxe6+ Kh8 29. Bb5 1-0


[Site "https://www.chess.com"]